 Dungeon Crawl Stone Soup version 0.27-a0-1136-g0b992a5a9d (webtiles) character file.

Game seed: 7256940367609494801

8367 1player the Fighter (level 11, -1/89 HPs)
             Began as a Formicid Artificer on May 5, 2021.
             Was a Priest of Zin.
             Slain by a vampire mosquito (5 damage)
             ... on level 14 of the Dungeon.
             The game lasted 00:46:45 (16420 turns).

1player the Fighter (Formicid Artificer)           Turns: 16420, Time: 00:46:46

Health: -1/89      AC: 13    Str: 19    XL:     11   Next: 54%
Magic:  16/16      EV: 12    Int: 12    God:    Zin [***...]
Gold:   483        SH: 11    Dex: 11    Spells: 10/10 levels left

rFire    . . .     SeeInvis +   a - +0 quarterstaff
rCold    . . .     Faith    .   T - +0 kite shield
rNeg     . . .     Spirit   .   v - +0 ring mail
rPois    .         Reflect  .   (helmet unavailable)
rElec    .         Harm     .   (no cloak)
rCorr    .         Rampage  .   H - +0 pair of gloves
Will     ++...                  n - +1 pair of boots
Stlth    ++........             y - amulet of the acrobat
HPRegen  0.24/turn              M - +4 ring of protection
MPRegen  0.15/turn              A - ring of willpower

@: no status effects
A: permanent stasis, dig shafts and tunnels, antennae 3, four strong arms
a: Dig, Shaft Self, Renounce Religion, Recite, Vitalisation, Imprison, Donate
Gold


You were on level 14 of the Dungeon.
You worshipped Zin.
Zin was most pleased with you.
You visited 2 branches of the dungeon, and saw 15 of its levels.

You collected 992 gold pieces.
You spent 49 gold pieces at shops.
You donated 460 gold pieces to Zin.

Inventory:

Hand Weapons
 a - a +0 quarterstaff (weapon)
 b - a +3 hunting sling of freezing
 w - a +2 dagger of venom
 I - a +0 falchion
 J - a +0 long sword
 K - a +0 scimitar
Missiles
 i - 313 stones
 r - 4 silver boomerangs (quivered)
 z - 20 sling bullets
 F - 2 throwing nets
 Q - 5 boomerangs of dispersal
 W - 23 poisoned darts
 Y - 6 curare-tipped darts
Armour
 n - a +1 pair of boots (worn)
 v - a +0 ring mail (worn)
 H - a +0 pair of gloves (worn)
 T - a +0 kite shield (worn)
Jewellery
 s - an amulet of reflection
 y - an amulet of the acrobat (around neck)
 A - a ring of willpower (right hand)
 M - a +4 ring of protection (left hand)
 Z - a +4 ring of protection
Wands
 d - a wand of charming (5)
 U - a wand of flame (13)
Scrolls
 V - a scroll of fog
Potions
 t - a potion of attraction
 G - 3 potions of flight
 N - a potion of magic {unknown}
 O - a potion of ambrosia {unknown}
 P - a potion of mutation {unknown}


   Skills:
 - Level 9.0 Fighting
 - Level 1.0 Long Blades
 - Level 6.0 Staves
 - Level 3.0 Slings
 - Level 6.0 Armour
 + Level 5.4 Dodging
 - Level 6.0 Stealth
 - Level 9.0 Shields
 + Level 7.9 Invocations
 - Level 3.2 Evocations


You had 10 spell levels left.
You didn't know any spells.
Your spell library contained the following spells:

 Spells                   Type           Power      Damage    Failure   Level
 Animate Skeleton         Necr           0%         N/A       47%         1
 Foxfire                  Conj/Fire      0%         2x1d4     47%         1
 Pain                     Necr           0%         1d4       47%         1
 Shock                    Conj/Air       0%         1d3       47%         1
 Static Discharge         Conj/Air       0%         N/A       63%         2
 Vampiric Draining        Necr           0%         2d6       85%         3
 Airstrike                Air            0%         N/A       99%         4
 Animate Dead             Necr           0%         N/A       99%         4
 Cause Fear               Hex            0%         N/A       99%         4
 Agony                    Necr           0%         N/A       100%        5
 Lightning Bolt           Conj/Air       0%         1d11      100%        5
 Dragon Form              Tmut           0%         N/A       100%        7
 Dragon's Call            Summ           0%         N/A       100%        9
 Swiftness                Air            Unusable   N/A       N/A         3

Dungeon Overview and Level Annotations

Branches:
Dungeon (15/15)            Temple (1/1) D:6
   Lair: D:8-11         Orc: D:9-12      Vaults: D:13-14     Depths: D:15

Altars:
Ashenzari
Cheibriados
Dithmenos
Elyvilon
Fedhas
Gozag
Hepliaklqana
Kikubaaqudgha
Makhleb
Nemelex Xobeh
Okawaru
Qazlal
Ru
Sif Muna
Trog
Uskayaw
Vehumet
Wu Jian
Xom
Yredelemnul
Zin
The Shining One

Shops:
D:1 [

Annotations:
D:9 Gastronok
D:10 1 runed translucent door
D:13 Erolcha


Innate Abilities, Weirdness & Mutations

You cannot be hasted, slowed, berserked, paralysed or teleported.
You can dig through walls and to a lower floor.
You have a pair of large antennae on your head. (SInv)
Your four strong arms can wield two-handed weapons with a shield.


Message History

The tengu conjurer moves out of view.
The slime creature moves out of view.
There is a stone staircase leading down here.
You extend your mandibles.
You retract your mandibles.
The vampire mosquito closely misses you.
The vampire mosquito bites you.
* * * LOW HITPOINT WARNING * * *
The vampire mosquito draws strength from your injuries!
You block the tengu warrior's attack. The tengu warrior misses you.
You block the tengu warrior's attack.
A slime creature comes into view.
You extend your mandibles.
You dig through the rock wall.
The vampire mosquito bites you!
* * * LOW HITPOINT WARNING * * *
The vampire mosquito draws strength from your injuries!
The boggart casts a spell.
You dig through the rock wall.
The vampire mosquito completely misses you.
The vampire mosquito barely misses you.
You dig through the rock wall.
The vampire mosquito misses you.
You dig through the rock wall.
The meliai calls down the wrath of its god upon you.
Something smites you! Zin protects you from harm!
The meliai calls down the wrath of its god upon you.
Something smites you! Zin protects you from harm!
The vampire mosquito bites you but does no damage.
You dig through the rock wall.
You block the vampire mosquito's attack.
You dig through the rock wall.
You block the vampire mosquito's attack. x2
Okay, then.
Unknown command.
Aiming: Charm
Press: ? - help, Shift-Dir - straight line, f - vampire mosquito
Aim: a vampire mosquito (chance to affect: 55%)
The vampire mosquito resists with significant effort.
The vampire mosquito bites you.
You die...

###.##### #...
#.......##§.J.
#.......#.....
#.......J......
..##.R.........._.
#....{{{{y.J......
##yy{{{J.#§....
######{##.# .J.
#@###{###.# .
##y#{## #.####...
##g## ##........
########.########
##.###.#.## ###
##.#.#.#.## ##.#
##g###.#### #Q##
##.## ### ##{##
##.##


You could see a vampire mosquito and a boggart.

Vanquished Creatures
  Pikel (D:6)
  A manticore (D:11)
  A cyclops (D:11)
  Maggie (D:8)
  2 trolls
  3 slime creatures (D:7)
  A wraith (D:11)
  A basilisk (D:11)
  9 yaks
  A steam dragon (D:9)
  Duvessa (D:7)
  A water moccasin (D:7)
  An orc warrior (D:9)
  A black bear (D:8)
  2 ice beasts
  3 sky beasts
  A killer bee (D:9)
  3 necrophages (D:6)
  2 ogres
  A centaur (D:9)
  3 kobold brigands
  2 bullfrogs
  2 gnoll sergeants
  2 scorpions
  Dowan (D:6)
  7 wights
  4 howler monkeys
  5 centaur zombies
  2 hounds (D:5)
  A bullfrog skeleton (D:6)
  8 orc priests
  3 iguanas
  6 orc wizards
  A killer bee zombie (D:9)
  2 howler monkey zombies
  5 adders
  4 gnolls
  2 shadow imps
  2 white imps (D:7)
  An ufetubus (D:3)
  An adder skeleton (D:4)
  A worm (D:7)
  15 dart slugs
  33 orcs
  7 endoplasms
  10 giant cockroaches
  8 goblins
  6 hobgoblins
  6 jackals
  4 quokkas
  9 ball pythons
  2 frilled lizards (D:3)
  15 kobolds
  6 rats
  A spectral goblin (D:3)
224 creatures vanquished.

Vanquished Creatures (collateral kills)
  A killer bee (D:9)
  4 gnolls (D:6)
  An orc (D:6)
  An endoplasm (D:4)
7 creatures vanquished.

Vanquished Creatures (others)
  A wizard (D:6)
  A human (D:7)
  A killer bee (D:9)
  21 fungi (D:8)
  23 plants (D:8)
47 creatures vanquished.

Grand Total: 278 creatures vanquished

Notes
Turn   | Place    | Note
-------+----------+-------------------------------------------
     0 | D:1      | 1player the Formicid Artificer began the quest for the Orb.
     0 | D:1      | Reached XP level 1. HP: 15/15 MP: 1/1
   258 | D:1      | Reached XP level 2. HP: 21/21 MP: 2/2
   467 | D:1      | Found a faded altar of an unknown god.
   813 | D:1      | Reached XP level 3. HP: 26/27 MP: 3/3
   847 | D:1      | Found Jadag's Armour Emporium.
  1115 | D:1      | Bought a +0 buckler for 49 gold pieces
  2177 | D:3      | Reached skill level 1 in Shields
  2194 | D:3      | Reached XP level 4. HP: 29/34 MP: 4/4
  2547 | D:3      | Found a basalt altar of Yredelemnul.
  2674 | D:3      | Reached XP level 5. HP: 17/41 MP: 5/5
  2950 | D:3      | Found a hazy altar of Hepliaklqana.
  3240 | D:4      | Found an opulent altar of Gozag.
  3264 | D:4      | Reached skill level 1 in Dodging
  3277 | D:4      | Noticed an ogre
  3423 | D:4      | Noticed a black bear
  3605 | D:4      | Noticed an ogre
  4546 | D:5      | Entered Level 5 of the Dungeon
  4552 | D:5      | Reached XP level 6. HP: 47/48 MP: 6/6
  4553 | D:5      | Reached skill level 1 in Slings
  4663 | D:5      | Noticed a sky beast
  4673 | D:5      | Killed a sky beast
  4768 | D:5      | Noticed a sky beast
  4926 | D:5      | Reached XP level 7. HP: 49/54 MP: 7/7
  5000 | D:5      | You fall into a shaft and drop 3 floors!
  5233 | D:7      | Noticed a water moccasin
  5255 | D:7      | Killed a water moccasin
  5580 | D:6      | Noticed Duvessa
  5580 | D:6      | Noticed Dowan
  5581 | D:6      | Identified a scroll of acquirement
  5581 | D:6      | Acquired 547 gold pieces
  5641 | D:7      | Found an ancient bone altar of Kikubaaqudgha.
  5654 | D:6      | Reached skill level 5 in Fighting
  5675 | D:7      | Noticed a human
  5677 | D:7      | Killed a human
  5705 | D:7      | Reached skill level 5 in Stealth
  5785 | D:7      | Reached XP level 8. HP: 56/62 MP: 8/8
  5878 | D:7      | Reached skill level 1 in Staves
  6077 | D:7      | Found a shimmering blue altar of Sif Muna.
  6505 | D:7      | Found a snail-covered altar of Cheibriados.
  6789 | D:8      | Noticed a slime creature
  6791 | D:8      | Noticed a slime creature
  6794 | D:8      | Noticed a slime creature
  6813 | D:7      | Killed a slime creature
  7071 | D:6      | Found a bloodstained altar of Trog.
  7160 | D:6      | Killed Dowan
  7226 | D:6      | Reached skill level 5 in Armour
  7287 | D:6      | Noticed a wizard
  7292 | D:6      | Killed a wizard
  7381 | D:5      | Reached XP level 9. HP: 69/69 MP: 9/9
  8146 | D:4      | Found a radiant altar of Vehumet.
  8592 | D:6      | Noticed Pikel
  8890 | D:6      | Found a staircase to the Ecumenical Temple.
  8900 | Temple   | Entered the Ecumenical Temple
  8969 | Temple   | Became a worshipper of Zin the Law-Giver
  8969 | Temple   | Reached * piety under Zin
  8969 | Temple   | Reached ** piety under Zin
  9068 | D:6      | Killed Pikel
  9069 | D:6      | Reached skill level 5 in Shields
  9069 | D:6      | Reached XP level 10. HP: 73/83 MP: 10/10
  9104 | D:7      | Killed Duvessa
  9441 | D:6      | Donated 366 gold pieces to Zin
  9651 | D:6      | Reached skill level 1 in Invocations
 10011 | D:8      | Noticed a kobold demonologist
 10078 | D:8      | Noticed a deep elf pyromancer
 10150 | D:8      | Noticed a tengu warrior
 10948 | D:8      | Found an iron altar of Okawaru.
 10969 | D:8      | Noticed Maggie
 11042 | D:8      | Noticed a centaur warrior
 11104 | D:8      | Killed Maggie
 11334 | D:7      | You fall into a shaft and drop 3 floors!
 11334 | D:10     | Entered Level 10 of the Dungeon
 11621 | D:8      | Found an ornate altar of the Wu Jian Council.
 11623 | D:8      | Found a burning altar of Makhleb.
 11624 | D:8      | Found a glowing golden altar of the Shining One.
 11661 | D:8      | Reached skill level 5 in Invocations
 11693 | D:8      | Noticed a skeletal warrior
 11869 | D:8      | You fall into a shaft and drop 1 floor!
 12442 | D:8      | Noticed an efreet
 13082 | D:9      | Reached skill level 1 in Long Blades
 13309 | D:9      | Reached *** piety under Zin
 13323 | D:9      | Noticed Gastronok
 13518 | D:9      | Noticed a +0 dagger
 13519 | D:9      | Found a hide-covered altar of Uskayaw.
 13519 | D:9      | Noticed a +0 dagger
 13858 | D:9      | Reached XP level 11. HP: 23/89 MP: 15/15
 13869 | D:9      | Reached skill level 5 in Staves
 14990 | D:10     | Noticed a deep elf high priest
 14990 | D:10     | Noticed a deep elf knight
 14990 | D:10     | Noticed a wolf spider
 14991 | D:10     | Found a runed translucent door.
 14993 | D:10     | Noticed a deep elf knight
 14993 | D:10     | Noticed a frost giant
 14993 | D:10     | Noticed an ettin
 14993 | D:10     | Noticed a stone giant
 15210 | D:10     | Noticed an entropy weaver
 15722 | D:11     | Reached skill level 5 in Dodging
 15777 | D:11     | Noticed a manticore
 15786 | D:11     | Killed a manticore
 16130 | D:11     | Noticed a cyclops
 16156 | D:11     | Killed a cyclops
 16248 | D:11     | You fall into a shaft and drop 2 floors!
 16248 | D:13     | Noticed Erolcha
 16248 | D:13     | Noticed a boulder beetle
 16248 | D:13     | Noticed a catoblepas
 16251 | D:13     | You fall into a shaft and drop 2 floors!
 16251 | D:15     | Entered Level 15 of the Dungeon
 16256 | D:15     | Noticed a cyclops
 16258 | D:15     | Noticed a death knight
 16258 | D:15     | Noticed a skeletal warrior
 16258 | D:15     | Noticed a skeletal warrior
 16258 | D:15     | Zin protects you from harm!
 16260 | D:14     | Found a shadowy altar of Dithmenos.
 16260 | D:14     | Noticed a tengu warrior
 16260 | D:14     | Noticed a tengu warrior
 16260 | D:14     | Noticed a rakshasa
 16268 | D:14     | Noticed a tengu warrior
 16269 | D:14     | Noticed a tengu warrior
 16289 | D:14     | You fall into a shaft and drop 1 floor!
 16289 | D:15     | Noticed a red ugly thing
 16289 | D:15     | Noticed a red ugly thing
 16335 | D:15     | Noticed a two-headed ogre
 16336 | D:15     | Noticed a two-headed ogre
 16337 | D:15     | Noticed an ogre mage
 16355 | D:15     | Noticed a cyclops
 16372 | D:15     | Noticed a two-headed ogre
 16412 | D:14     | Noticed an orb spider
 16412 | D:14     | a shapeshifter changed into an orb spider
 16414 | D:14     | HP: 3/89 [vampire mosquito (7)]
 16417 | D:14     | Zin protects you from harm!
 16417 | D:14     | Zin protects you from harm!
 16420 | D:14     | Slain by a vampire mosquito

Illustrated notes

Levels and vault maps discovered:
D:1:      arrival_zaba_pyramid, layout_loops_ring, basic_ecumenical_altar,
          serial_shops, nicolae_shop_temple_entry_statues_fountains,
          minmay_misc_feat_nine_boxes
D:2:      layout_basic
D:3:      layout_loops_ring, overflow_temple_1_default,
          nicolae_hepliaklqana_monster_ancestors
D:4:      layout_rooms, marbit_many_paths, amcnicky_altar_gilded,
          kennysheep_another_room
D:5:      kennysheep_slugbush, layout_basic
D:6:      layout_cave_pools, trog_wizard, minmay_temple_entry_purple_smoke,
          gup_sewer_entry_pipe, uniq_duvessa, uniq_pikel
D:7:      layout_loops_ring, tgw_kikubaaqudgha, lemuel_doored_altar,
          cheibrodos_worm_habitat
D:8:      minmay_cut_squares, layout_basic, lemuel_tele_altar,
          gammafunk_temple_overflow_forgotten, grunt_lair_entry_orc_guard_hut,
          kennysheep_generic_room_2, uniq_maggie
D:9:      layout_cave_pods, dancing_weapons_uskayaw, roderic_serpentine_path,
          uniq_gastronok
D:10:     minmay_gate_of_8, layout_rooms
D:11:     layout_loops_ring, uniq_erica
D:13:     layout_rooms, muffindrake_ghost_dual_entry, uniq_erolcha
D:14:     layout_roguey, david_vaults_2, nicolae_dithmenos_the_darkroom
D:15:     gammafunk_enter_depths_forms, layout_long_grid, fedhas_altar_3,
          grunt_ministairs_14
Temple:   dpeg_three_leaves_temple

Skill      XL: |  1  2  3  4  5  6  7  8  9 10 11 |
---------------+----------------------------------+-----
Stealth        | 2 3 5 6 |  6.0
Fighting       | 2 3 4 5 6 9 |  9.0
Shields        | 1 2 5 9 |  9.0
Dodging        | 2 3 5 |  5.4
Slings         | 3 |  3.0
Staves         | 3 4 6 |  6.0
Armour         | 5 6 |  6.0
Invocations    | 5 7 |  7.9
Long Blades    | 1 |  1.0
Evocations     | |  3.2

Action                   |  1- 3 |  4- 6 |  7- 9 | 10-12 || total
-------------------------+-------+-------+-------+-------++-------
Melee: Dagger            |    76 |   165 |       |    87 ||   328
       Quarterstaff      |       |    24 |   198 |   268 ||   490
 Fire: Hunting sling     |    61 |    48 |   165 |   158 ||   432
Throw: Boomerang         |       |    15 |       |     7 ||    22
Invok: Recite            |       |       |       |     7 ||     7
       Donate Gold       |       |       |       |     1 ||     1
 Abil: Dig               |       |    10 |     3 |    38 ||    51
       Shaft Self        |       |       |     1 |     5 ||     6
Evoke: Wand              |       |    16 |    10 |    28 ||    54
       Piece from Xom's  |       |     1 |     2 |       ||     3
  Use: Scroll            |     3 |     2 |     8 |     5 ||    18
       Potion            |       |     1 |     4 |     4 ||     9
 Stab: Sleeping          |     3 |       |     1 |       ||     4
       Paralysed         |       |       |    21 |     8 ||    29
       Distracted        |       |       |     1 |       ||     1
Armor: Leather armour    |    12 |       |       |       ||    12
       Ring mail         |     7 |    62 |    69 |   154 ||   292
Dodge: Dodged            |    31 |   168 |   117 |   273 ||   589
Block: Buckler           |    18 |    66 |    49 |       ||   133
       Reflection        |     1 |       |       |       ||     1
       Kite shield       |       |       |     7 |   330 ||   337

Table legend: (Time is in decaauts)
 A = Elapsed time spent in this place.
 B = Non-inter-level travel time spent in this place.
 C = Inter-level travel time spent in this place.
 D = Time resting spent in this place.
 E = Time spent auto-exploring this place.
 F = Levels seen in this place.
 G = Mean time per level.
                   A        B        C        D        E       F      G
               +--------+--------+--------+--------+--------+-----+--------+
         Total |  16552 |  15428 |   1124 |   5480 |   5049 |  15 | 1103.5 |
       Dungeon |  16467 |  15354 |   1113 |   5480 |   4984 |  14 | 1176.2 |
        Temple |     84 |     73 |     11 |      0 |     65 |   1 |   84.0 |
               +--------+--------+--------+--------+--------+-----+--------+

Top non-repeatable levels by time:
     D:7: 3203 daAuts
     D:9: 2316 daAuts
     D:3: 1894 daAuts
     D:8: 1552 daAuts
     D:5: 1281 daAuts
     D:6: 1143 daAuts
     D:1: 1094 daAuts
    D:11: 988 daAuts
     D:2: 968 daAuts
     D:4: 959 daAuts
    D:10: 877 daAuts
    D:15: 143 daAuts
  Temple: 84 daAuts
    D:14: 42 daAuts
    D:13: 2 daAuts
